 Seeded DCSS version 0.30.1-11-g7821555f0a (webtiles) character file.

Game seed: 6351066067085065685 (custom seed)

1136 Esekla the Thaumaturge (level 8, -1/41 HPs)
             Began as a Deep Elf Wanderer on Nov 21, 2023.
             Was a Priest of Vehumet.
             Slain by Pikel
             ... wielding a +1 whip of flaming
              (2 damage)
             ... on level 6 of the Dungeon.
             The game lasted 00:37:07 (4383 turns).

Esekla the Thaumaturge (Deep Elf Wanderer)          Turns: 4383, Time: 00:37:07

Health: -1/41      AC:  4    Str: 11    XL:     8   Next: 14%
Magic:  16/23      EV: 13    Int: 21    God:    Vehumet [***...]
Gold:   333        SH:  4    Dex: 14    Spells: 16/26 levels left

rFire   . . .        s - +5 rapier of the Hero {heavy, rN+ Dex+3}
rCold   . . .        d - +0 buckler
rNeg    + . .        c - +0 robe
rPois   .            m - +0 helmet
rElec   .            (no cloak)
rCorr   .            l - +0 pair of gloves
SInv    .            (no boots)
Will    .....        x - amulet of magic regeneration
Stlth   ++           (no ring)
HPRegen 0.26/turn    (no ring)
MPRegen 0.58/turn

%: no passive effects
@: no status effects
A: no striking features
a: Renounce Religion


You were on level 6 of the Dungeon.
You worshipped Vehumet.
Vehumet was most pleased with you.
You visited 1 branch of the dungeon, and saw 6 of its levels.

You collected 333 gold pieces.

Inventory:

Hand Weapons
 a - a +2 vampiric dagger
 r - a +0 trident
 s - the +5 rapier of the Hero (weapon) {heavy, rN+ Dex+3}
   (You found it on level 3 of the Dungeon)

   Dex:       It affects your dexterity (+3).
   rN:        It protects you from negative energy.
Missiles
 B - 18 poisoned darts (quivered)
Armour
 c - a +0 robe (worn)
 d - a +0 buckler (worn)
 l - a +0 pair of gloves (worn)
 m - a +0 helmet (worn)
Jewellery
 x - an amulet of magic regeneration (around neck)
Wands
 i - a wand of roots (16)
 D - a wand of flame (15)
Scrolls
 g - 6 scrolls of identify {unknown}
 o - a scroll of enchant armour {unknown}
 p - 2 scrolls of amnesia {unknown}
 q - a scroll of immolation {unknown}
 u - 2 scrolls of fog {unknown}
 v - a scroll of silence {unknown}
 w - a scroll of magic mapping {unknown}
 y - 3 scrolls of enchant weapon {unknown}
 z - a scroll of summoning {unknown}
 A - a scroll of blinking {unknown}
 C - 2 scrolls of fear
Potions
 b - 2 potions of lignification
 e - 2 potions of ambrosia {unknown}
 f - 3 potions of attraction {unknown}
 h - a potion of heal wounds {unknown}
 j - a potion of haste {unknown}
 k - 4 potions of curing
 n - a potion of mutation {unknown}
 t - 3 potions of brilliance {unknown}


   Skills:
 + Level 1.3 Short Blades
 + Level 0.6 Throwing
 * Level 4.2 Dodging
 + Level 2.0 Stealth
 + Level 2.1 Shields
 * Level 9.9 Spellcasting
 + Level 1.0 Conjurations
 * Level 4.7 Necromancy
 + Level 3.1 Translocations
 + Level 0.1 Transmutations
 + Level 0.1 Poison Magic
 + Level 1.0 Invocations


You had 16 spell levels left.
You knew the following spells:

 Your Spells              Type           Power      Damage    Failure   Level
a - Magic Dart            Conj           56%        1d5       1%          1
b - Blink                 Tloc           46%        N/A       3%          2
d - Vampiric Draining     Necr           30%        2d8       4%          3
n - Ignite Poison         Fire/Tmut/Pois 10%        N/A       7%          3
p - Apportation           Tloc           46%        N/A       2%          1

Your spell library contained the following spells:

 Spells                   Type           Power      Damage    Failure   Level
 Inner Flame              Hex/Fire       10%        N/A       7%          3
 Lesser Beckoning         Tloc           46%        N/A       3%          2
 Gell's Gravitas          Tloc           23%        N/A       8%          3
 Teleport Other           Tloc           23%        N/A       8%          3
 Spider Form              Tmut/Pois      10%        N/A       26%         3
 Cause Fear               Hex            5%         N/A       67%         4
 Summon Mana Viper        Hex/Summ       10%        N/A       95%         5


Dungeon Overview and Level Annotations

Branches:
Dungeon (6/15)             Temple (0/1) D:6

Altars:
Dithmenos
Fedhas
Hepliaklqana
Okawaru
Qazlal
Trog
Vehumet
Zin
The Shining One

Shops:
D:2 =   D:4 (

Annotations:
D:6 Pikel


Message History

The grasping roots constrict you!
A lemure comes into view. x2
You escape the roots grasp.
Pikel zaps a wand.
The roots erupt in riotous growth!
The grasping roots grab you! The grasping roots constrict you.
You escape the roots grasp.
Pikel looks more healthy.
A lemure comes into view.
Casting: Apportation (safe; 2% risk of failure)
Confirm with . or Enter, or press ? or * to list all spells.
Aiming: Vampiric Draining (dangerous; 4% risk of failure)
Press: ? - help, Shift-Dir - straight line, f/p - Pikel
Aim: Pikel, wielding a +1 whip of flaming, wearing a +0 robe and carrying a wand of roots (5) (lightly wounded)
You draw life force from Pikel.
You feel life coursing into your body.
The lemure shouts!
Pikel hits you with a +1 whip of flaming!
* * * LOW HITPOINT WARNING * * *
Pikel burns you.
* * * LOW HITPOINT WARNING * * *
Casting: Vampiric Draining (dangerous; 4% risk of failure)
Confirm with . or Enter, or press ? or * to list all spells.
Aiming: Vampiric Draining (dangerous; 4% risk of failure)
Press: ? - help, Shift-Dir - straight line, f/p - Pikel
Aim: Pikel, wielding a +1 whip of flaming, wearing a +0 robe and carrying a wand of roots (5) (moderately wounded)
You draw life force from Pikel!
You feel life coursing into your body.
Pikel says, "You'll feel the lick of my whip!"
Pikel hits you with a +1 whip of flaming.
* * * LOW HITPOINT WARNING * * *
Pikel burns you.
* * * LOW HITPOINT WARNING * * *
Casting: Vampiric Draining (dangerous; 4% risk of failure)
Confirm with . or Enter, or press ? or * to list all spells.
Aiming: Vampiric Draining (dangerous; 4% risk of failure)
Press: ? - help, Shift-Dir - straight line, f/p - Pikel
Aim: Pikel, wielding a +1 whip of flaming, wearing a +0 robe and carrying a wand of roots (5) (heavily wounded)
You draw life force from Pikel.
You feel life coursing into your body.
Pikel hits you with a +1 whip of flaming!
* * * LOW HITPOINT WARNING * * *
Pikel burns you.
You die...

###################
#.............@K55#####.#(
#.##.##.#########...(...(#
#.##.##.# #......(....
#.##.##.# #.#.#.#.#.#..
#.##.##.# #(..........#
#.......# #.#[......#.#
####.#### #...........#
#.### ..#...>...#.####
#...# .[........##..


You could see Pikel and 2 lemures.

Vanquished Creatures
  A sky beast (D:6)
  2 black bears
  An ogre (D:5)
  A kobold brigand (D:6)
  2 scorpions (D:5)
  A gnoll bouda (D:3)
  5 hounds
  A jelly (D:6)
  3 iguanas
  A sleepcap (D:5)
  12 gnolls
  7 adders
  2 white imps
  A worm (D:4)
  3 dart slugs
  11 orcs
  4 endoplasms
  8 goblins
  5 hobgoblins
  A quokka (D:1)
  6 ball pythons
  4 bats
  4 frilled lizards
  12 kobolds
  A rat (D:2)
99 creatures vanquished.

Notes
Turn   | Place    | Note
-------+----------+-------------------------------------------
     0 | D:1      | Esekla the Deep Elf Wanderer began the quest for the Orb.
     0 | D:1      | Esekla set off with the following items: a +0 club, a
                  | potion of lignification, a +0 robe, a +0 buckler; and the
                  | following spells available to memorise: Apportation, Blink,
                  | Lesser Beckoning, Magic Dart, Ignite Poison, Vampiric
                  | Draining.
     0 | D:1      | Reached XP level 1. HP: 10/10 MP: 7/7
     2 | D:1      | Learned a level 1 spell: Magic Dart
     4 | D:1      | Learned a level 1 spell: Apportation
   412 | D:4      | Found a radiant altar of Vehumet.
   421 | D:4      | Found an iron altar of Okawaru.
   432 | D:4      | Found a glowing silver altar of Zin.
   512 | D:4      | Became a worshipper of Vehumet
   740 | D:3      | Reached XP level 2. HP: 15/15 MP: 2/9
   743 | D:3      | Learned a level 2 spell: Blink
   903 | D:3      | Identified the +5 rapier of the Hero {heavy, rN+ Dex+3}
   964 | D:2      | Found Renulab's Jewellery Shop.
   978 | D:2      | Reached skill level 5 in Spellcasting
  1161 | D:1      | Reached XP level 3. HP: 15/19 MP: 2/11
  1165 | D:1      | Learned a level 3 spell: Ignite Poison
  1169 | D:1      | Learned a level 3 spell: Vampiric Draining
  1196 | D:1      | Reached skill level 1 in Dodging
  1228 | D:1      | Reached * piety under Vehumet
  1228 | D:1      | Offered knowledge of Sandblast by Vehumet.
  1241 | D:1      | Reached skill level 1 in Necromancy
  1531 | D:2      | Noticed a black bear
  1745 | D:3      | Found a stormy altar of Qazlal.
  1768 | D:3      | Reached skill level 6 in Spellcasting
  1768 | D:3      | Reached XP level 4. HP: 3/24 MP: 1/14
  1848 | D:3      | Found a bloodstained altar of Trog.
  1850 | D:3      | Found a hazy altar of Hepliaklqana.
  2055 | D:5      | Entered Level 5 of the Dungeon
  2058 | D:5      | Got the Parchment of the Lumpy Olives
  2086 | D:5      | Found a shadowy altar of Dithmenos.
  2215 | D:5      | Reached XP level 5. HP: 16/28 MP: 16/16
  2286 | D:4      | Found Ponaysk's Antique Weapon Boutique.
  2601 | D:4      | Found a glowing golden altar of the Shining One.
  2675 | D:5      | Reached skill level 7 in Spellcasting
  2706 | D:4      | Reached ** piety under Vehumet
  2774 | D:4      | Offered knowledge of Shock by Vehumet.
  2902 | D:3      | Reached XP level 6. HP: 30/32 MP: 18/18
  3077 | D:2      | Found a faded altar of an unknown god.
  3147 | D:2      | Reached skill level 8 in Spellcasting
  3498 | D:5      | Reached XP level 7. HP: 35/36 MP: 17/21
  3722 | D:5      | Reached skill level 1 in Short Blades
  3872 | D:5      | Offered knowledge of Inner Flame by Vehumet.
  3873 | D:5      | Reached skill level 9 in Spellcasting
  4035 | D:6      | Reached skill level 1 in Conjurations
  4064 | D:6      | Reached XP level 8. HP: 35/41 MP: 13/23
  4070 | D:6      | Found a blossoming altar of Fedhas.
  4178 | D:6      | Reached *** piety under Vehumet
  4267 | D:6      | Found a staircase to the Ecumenical Temple.
  4367 | D:6      | Noticed Pikel
  4383 | D:6      | HP: 1/41 [Pikel/+1 whip of flaming (7)]
  4383 | D:6      | Slain by Pikel

Illustrated notes

Levels and vault maps discovered:
D:1:      sevenhm_arrival_forest_fort_small_3, layout_rooms,
          chequers_serial_rivers_room_b, minmay_misc_feat_five
D:2:      layout_loops_ring, dreamdust_ecumenical_altar_angels_and_demons,
          serial_shops, shop
D:3:      layout_basic, grunt_temple_overflow_open, minmay_misc_feat_iff
D:4:      layout_basic, nicolae_overflow_quartered_altars, serial_shops,
          nicolae_diamond_shop
D:5:      layout_loops_ring, lemuel_doored_altar, minmay_misc_feat_rows,
          dreamdust_wishing_well
D:6:      layout_loops_cross, fedhas_altar_fruit_tree,
          minmay_temple_entry_glass, uniq_pikel, uniq_blork_the_orc

Skill      XL: |  1  2  3  4  5  6  7 |
---------------+----------------------+-----
Spellcasting   | 5 6 7 8 9 |  9.9
Dodging        | 1 2 4 |  4.2
Necromancy     | 1 2 3 4 |  4.7
Short Blades   | 1 |  1.3
Translocations | 3 |  3.1
Shields        | 2 |  2.1
Stealth        | 2 |  2.0
Conjurations   | 1 |  1.0
Throwing       | |  0.6
Transmutations | |  0.1
Poison Magic   | |  0.1
Invocations    | |  1.0

Action                     |  1- 3 |  4- 6 |  7- 9 || total
---------------------------+-------+-------+-------++-------
  Melee: Short sword       |    45 |       |       ||    45
         Rapier            |    26 |    13 |    17 ||    56
         Dagger            |       |    79 |    48 ||   127
  Throw: Dart              |       |    13 |    19 ||    32
   Cast: Magic Dart        |    59 |    58 |    13 ||   130
         Apportation       |    27 |    20 |     7 ||    54
         Blink             |     1 |     3 |     4 ||     8
         Vampiric Draining |     2 |    27 |    15 ||    44
         Ignite Poison     |       |     3 |     1 ||     4
    Use: Scroll            |     1 |       |       ||     1
         Potion            |       |       |     1 ||     1
   Stab: Sleeping          |     1 |       |     2 ||     3
 Armour: Robe              |    39 |    15 |    25 ||    79
  Dodge: Dodged            |    75 |    59 |    36 ||   170
  Block: Buckler           |    17 |    15 |    13 ||    45
